 Dungeon Crawl Stone Soup version 0.19.0-23-gf02e663 (webtiles) character file.

63 Leibowitz the Sneak (level 3, 0/26 HPs)
             Began as a Demigod Enchanter on Nov 19, 2016.
             Killed from afar by Sigmund (6 damage)
             ... with a magic dart
             ... on level 2 of the Dungeon.
             The game lasted 00:04:06 (2479 turns).

Leibowitz the Sneak (Demigod Enchanter)             Turns: 2479, Time: 00:04:07

Health: 0/26       AC:  4    Str: 16    XL:     3   Next: 61%
Magic:  1/8        EV: 13    Int: 21    God:
Gold:   111        SH:  0    Dex: 16    Spells: 2 memorised, 3 levels left

rFire  . . .     SeeInvis .     a - +1 dagger
rCold  . . .     Gourm    .     b - +1 robe
rNeg   . . .     Faith    .     (no shield)
rPois  .         Spirit   .     (no helmet)
rElec  .         Reflect  .     k - +0 cloak (curse)
rCorr  .         Harm     .     (no gloves)
MR     .....                    (no boots)
Stlth  +.........               (no amulet)
                                (no ring)
                                (no ring)

@: confused, mighty
A: high mp 1
a: no special abilities


You were on level 2 of the Dungeon.
You were very hungry.

You visited 1 branch of the dungeon, and saw 2 of its levels.

You collected 111 gold pieces.

Inventory:

Hand Weapons
 a - a +1 dagger (weapon)
Armour
 b - a +1 robe (worn)
 k - a cursed +0 cloak (worn)
Scrolls
 f - a scroll of teleportation {unknown}
 i - a scroll of magic mapping {unknown}
 l - 4 scrolls of identify {unknown}
 n - 2 scrolls of remove curse {unknown}
Potions
 g - a potion of mutation {unknown}
 j - 2 potions of cancellation {unknown}
 m - a potion of invisibility {unknown}
 p - a potion of heal wounds {unknown}
Books
 c - a book of Maledictions

   Spells                             Type                      Level
   a - Corona                         Hexes                        1
   b - Ensorcelled Hibernation        Hexes/Ice                    2
   c - Confuse                        Hexes                        3
   d - Tukima's Dance                 Hexes                        3
   e - Dazzling Spray                 Conjuration/Hexes            3
Comestibles
 d - a bread ration
 o - a slice of pizza


   Skills:
 + Level 0.1 Fighting
 + Level 1.3 Short Blades
 + Level 2.2 Dodging
 + Level 3.3 Stealth
 + Level 2.0 Spellcasting
 + Level 3.1 Hexes
 + Level 0.1 Ice Magic


You had 3 spell levels left.
You knew the following spells:

 Your Spells              Type           Power        Failure   Level  Hunger
a - Corona                Hex            ###....      4%          1    #......
b - Ensorcelled Hibernat  Hex/Ice        #.....       12%         2    ##.....


Dungeon Overview and Level Annotations

Branches:
Dungeon (2/15)

Annotations:
D:2 Sigmund


Innate Abilities, Weirdness & Mutations

You have an increased reservoir of magic. (+10% MP)


Message History

Sigmund is severely wounded.
Sigmund mumbles some strange words.
Sigmund flickers and vanishes!
Deactivating autopickup; reactivate with Ctrl-A.
You barely miss something.
You hear some strange, mumbled words.
Something tries to affect you, but you resist.
You are feeling very hungry.
You hit something. Something hits you!
* * * LOW HITPOINT WARNING * * *
You hit something. You miss something.
You hear some strange, mumbled words.
You are confused.
It was a potion of might.
You feel very mighty all of a sudden.
You hear some strange, mumbled words.
A magic dart appears from out of thin air!
The magic dart hits you!
You die...

##################
#b{@.............#
#.##############.##
..........#
######...##
.............
...........
.##.#.#.#.####
###.....## #
#..r..# #..#.###
......# #....... ##
... # #.##.###
..... #. #.###


You could see a bat.

Vanquished Creatures
  An adder (D:2)
  An ooze (D:2)
  A dart slug (D:1)
  A leopard gecko (D:1)
  2 ball pythons (D:1)
  5 bats
  3 goblins
  2 hobgoblins (D:1)
  8 jackals (D:1)
  7 kobolds (D:1)
  5 frilled lizards
  8 rats
44 creatures vanquished.

Notes
Turn   | Place    | Note
-------+----------+-------------------------------------------
     0 | D:1      | Leibowitz the Demigod Enchanter began the quest for the Orb.
     0 | D:1      | Reached XP level 1. HP: 14/14 MP: 5/5
   633 | D:1      | Reached XP level 2. HP: 7/20 MP: 7/7
   648 | D:1      | Learned a level 2 spell: Ensorcelled Hibernation
   899 | D:1      | Reached skill level 1 in Short Blades
  1398 | D:1      | Reached XP level 3. HP: 26/26 MP: 8/8
  2460 | D:2      | Noticed Sigmund
  2479 | D:2      | Killed from afar by Sigmund

Skill      XL: |  1  2  3 |
---------------+----------+-----
Stealth        | 3 |  3.3
Short Blades   | 1 |  1.3
Dodging        | 2 |  2.2
Hexes          | 3 |  3.1
Spellcasting   | 2 |  2.0
Fighting       | |  0.1
Ice Magic      | |  0.1

Action                   || total
-------------------------++-------
Melee: Dagger            ||   158
 Cast: Ensorcelled Hiber ||    21
  Use: Potion            ||     1
 Stab: Sleeping          ||    19
  Eat: Chunk             ||     4
       Beef jerky        ||     1
Armor: Robe              ||    74
Dodge: Dodged            ||   150
